Workbook

Sheet Guía
A1: Partly · Gastos del piso compartido
A3: Para usarla: Archivo > Hacer una copia. Borra las filas de ejemplo y pon vuestros nombres.
A5: 1. Pestaña Compañeros: escribe los nombres (máx. 8).
A6: 2. Pestaña Gastos: una fila por gasto (alquiler, suministros, compra...). Elige quién pagó.
A7: 3. Partes: déjalo vacío para repartir a partes iguales entre todos. Si no, pon un peso por persona (1, 2, 0 = no participa). Ej. compra: 1 para los que estaban, 0 para el resto.
A8: 4. Pestaña Saldos: el saldo de cada uno y quién debe cuánto a quién, con el menor número de pagos posible.
A9: 5. Consejo: haced cuentas en una fecha fija cada mes (después del alquiler).
A12: Cuando la hoja de cálculo se hace pesada: Partly escanea el ticket y hace las cuentas.
A13: https://partly-app.com/es/?utm_source=template&utm_medium=sheets&utm_campaign=coloc

Sheet Compañeros
A1: Nombre | C1: Moneda mostrada | D1: €
A2: Álex
A3: Sara
A4: Lucía

Sheet Gastos
A1: Partly · Gastos del piso compartido
A2: Cuando la hoja de cálculo se hace pesada: Partly escanea el ticket y hace las cuentas. https://partly-app.com/es/?utm_source=template&utm_medium=sheets&utm_campaign=coloc
A3: Fecha | B3: Descripción | C3: Categoría | D3: Importe | E3: Pagado por | F3: ="Partes "&IF('Compañeros'!$A$2="","#1",'Compañeros'!$A$2) | G3: ="Partes "&IF('Compañeros'!$A$3="","#2",'Compañeros'!$A$3) | H3: ="Partes "&IF('Compañeros'!$A$4="","#3",'Compañeros'!$A$4) | I3: ="Partes "&IF('Compañeros'!$A$5="","#4",'Compañeros'!$A$5) | J3: ="Partes "&IF('Compañeros'!$A$6="","#5",'Compañeros'!$A$6) | K3: ="Partes "&IF('Compañeros'!$A$7="","#6",'Compañeros'!$A$7) | L3: ="Partes "&IF('Compañeros'!$A$8="","#7",'Compañeros'!$A$8) | M3: ="Partes "&IF('Compañeros'!$A$9="","#8",'Compañeros'!$A$9) | N3: Total partes | O3: n
A4: 46296 | B4: Alquiler octubre (Ejemplo) | C4: Alquiler | D4: 1500 | E4: Álex | N4: =MAX(1,IF(COUNT(F4:M4)=0,COUNTIF('Compañeros'!$A$2:$A$9,"?*"),SUM(F4:M4))) | O4: =COUNT(F4:M4)
A5: 46298 | B5: Compra (Lucía fuera) (Ejemplo) | C5: Compra | D5: 64.8 | E5: Sara | F5: 1 | G5: 1 | H5: 0 | N5: =MAX(1,IF(COUNT(F5:M5)=0,COUNTIF('Compañeros'!$A$2:$A$9,"?*"),SUM(F5:M5))) | O5: =COUNT(F5:M5)
A6: 46300 | B6: Internet (Ejemplo) | C6: Internet | D6: 29.99 | E6: Lucía | N6: =MAX(1,IF(COUNT(F6:M6)=0,COUNTIF('Compañeros'!$A$2:$A$9,"?*"),SUM(F6:M6))) | O6: =COUNT(F6:M6)
N7: =MAX(1,IF(COUNT(F7:M7)=0,COUNTIF('Compañeros'!$A$2:$A$9,"?*"),SUM(F7:M7))) | O7: =COUNT(F7:M7)
N8: =MAX(1,IF(COUNT(F8:M8)=0,COUNTIF('Compañeros'!$A$2:$A$9,"?*"),SUM(F8:M8))) | O8: =COUNT(F8:M8)
N9: =MAX(1,IF(COUNT(F9:M9)=0,COUNTIF('Compañeros'!$A$2:$A$9,"?*"),SUM(F9:M9))) | O9: =COUNT(F9:M9)
N10: =MAX(1,IF(COUNT(F10:M10)=0,COUNTIF('Compañeros'!$A$2:$A$9,"?*"),SUM(F10:M10))) | O10: =COUNT(F10:M10)
N11: =MAX(1,IF(COUNT(F11:M11)=0,COUNTIF('Compañeros'!$A$2:$A$9,"?*"),SUM(F11:M11))) | O11: =COUNT(F11:M11)
N12: =MAX(1,IF(COUNT(F12:M12)=0,COUNTIF('Compañeros'!$A$2:$A$9,"?*"),SUM(F12:M12))) | O12: =COUNT(F12:M12)
N13: =MAX(1,IF(COUNT(F13:M13)=0,COUNTIF('Compañeros'!$A$2:$A$9,"?*"),SUM(F13:M13))) | O13: =COUNT(F13:M13)
N14: =MAX(1,IF(COUNT(F14:M14)=0,COUNTIF('Compañeros'!$A$2:$A$9,"?*"),SUM(F14:M14))) | O14: =COUNT(F14:M14)
N15: =MAX(1,IF(COUNT(F15:M15)=0,COUNTIF('Compañeros'!$A$2:$A$9,"?*"),SUM(F15:M15))) | O15: =COUNT(F15:M15)
N16: =MAX(1,IF(COUNT(F16:M16)=0,COUNTIF('Compañeros'!$A$2:$A$9,"?*"),SUM(F16:M16))) | O16: =COUNT(F16:M16)
N17: =MAX(1,IF(COUNT(F17:M17)=0,COUNTIF('Compañeros'!$A$2:$A$9,"?*"),SUM(F17:M17))) | O17: =COUNT(F17:M17)
N18: =MAX(1,IF(COUNT(F18:M18)=0,COUNTIF('Compañeros'!$A$2:$A$9,"?*"),SUM(F18:M18))) | O18: =COUNT(F18:M18)
... N153: =MAX(1,IF(COUNT(F153:M153)=0,COUNTIF('Compañeros'!$A$2:$A$9,"?*"),SUM(F153:M153))) | O153: =COUNT(F153:M153)

Sheet Saldos
A1: Partly · Gastos del piso compartido
A2: Cuando la hoja de cálculo se hace pesada: Partly escanea el ticket y hace las cuentas. https://partly-app.com/es/?utm_source=template&utm_medium=sheets&utm_campaign=coloc
A4: Nombre | B4: Ha pagado | C4: Su parte | D4: Saldo (+ = le deben) | E4: debt | F4: credit | G4: d0 | H4: d1 | I4: c0 | J4: c1
A5: =IF('Compañeros'!A2="","",'Compañeros'!A2) | B5: =IF(A5="","",SUMIF('Gastos'!$E$4:$E$153,A5,'Gastos'!$D$4:$D$153)) | C5: =IF(A5="","",SUMPRODUCT('Gastos'!$D$4:$D$153,(('Gastos'!$O$4:$O$153=0)+('Gastos'!$O$4:$O$153>0)*'Gastos'!$F$4:$F$153)/'Gastos'!$N$4:$N$153)) | D5: =IF(A5="","",ROUND(B5-C5,2)) | E5: =IF(A5="",0,MAX(0,C5-B5)) | F5: =IF(A5="",0,MAX(0,B5-C5)) | G5: =SUM(E$4:E4) | H5: =G5+E5 | I5: =SUM(F$4:F4) | J5: =I5+F5
A6: =IF('Compañeros'!A3="","",'Compañeros'!A3) | B6: =IF(A6="","",SUMIF('Gastos'!$E$4:$E$153,A6,'Gastos'!$D$4:$D$153)) | C6: =IF(A6="","",SUMPRODUCT('Gastos'!$D$4:$D$153,(('Gastos'!$O$4:$O$153=0)+('Gastos'!$O$4:$O$153>0)*'Gastos'!$G$4:$G$153)/'Gastos'!$N$4:$N$153)) | D6: =IF(A6="","",ROUND(B6-C6,2)) | E6: =IF(A6="",0,MAX(0,C6-B6)) | F6: =IF(A6="",0,MAX(0,B6-C6)) | G6: =SUM(E$4:E5) | H6: =G6+E6 | I6: =SUM(F$4:F5) | J6: =I6+F6
A7: =IF('Compañeros'!A4="","",'Compañeros'!A4) | B7: =IF(A7="","",SUMIF('Gastos'!$E$4:$E$153,A7,'Gastos'!$D$4:$D$153)) | C7: =IF(A7="","",SUMPRODUCT('Gastos'!$D$4:$D$153,(('Gastos'!$O$4:$O$153=0)+('Gastos'!$O$4:$O$153>0)*'Gastos'!$H$4:$H$153)/'Gastos'!$N$4:$N$153)) | D7: =IF(A7="","",ROUND(B7-C7,2)) | E7: =IF(A7="",0,MAX(0,C7-B7)) | F7: =IF(A7="",0,MAX(0,B7-C7)) | G7: =SUM(E$4:E6) | H7: =G7+E7 | I7: =SUM(F$4:F6) | J7: =I7+F7
A8: =IF('Compañeros'!A5="","",'Compañeros'!A5) | B8: =IF(A8="","",SUMIF('Gastos'!$E$4:$E$153,A8,'Gastos'!$D$4:$D$153)) | C8: =IF(A8="","",SUMPRODUCT('Gastos'!$D$4:$D$153,(('Gastos'!$O$4:$O$153=0)+('Gastos'!$O$4:$O$153>0)*'Gastos'!$I$4:$I$153)/'Gastos'!$N$4:$N$153)) | D8: =IF(A8="","",ROUND(B8-C8,2)) | E8: =IF(A8="",0,MAX(0,C8-B8)) | F8: =IF(A8="",0,MAX(0,B8-C8)) | G8: =SUM(E$4:E7) | H8: =G8+E8 | I8: =SUM(F$4:F7) | J8: =I8+F8
A9: =IF('Compañeros'!A6="","",'Compañeros'!A6) | B9: =IF(A9="","",SUMIF('Gastos'!$E$4:$E$153,A9,'Gastos'!$D$4:$D$153)) | C9: =IF(A9="","",SUMPRODUCT('Gastos'!$D$4:$D$153,(('Gastos'!$O$4:$O$153=0)+('Gastos'!$O$4:$O$153>0)*'Gastos'!$J$4:$J$153)/'Gastos'!$N$4:$N$153)) | D9: =IF(A9="","",ROUND(B9-C9,2)) | E9: =IF(A9="",0,MAX(0,C9-B9)) | F9: =IF(A9="",0,MAX(0,B9-C9)) | G9: =SUM(E$4:E8) | H9: =G9+E9 | I9: =SUM(F$4:F8) | J9: =I9+F9
A10: =IF('Compañeros'!A7="","",'Compañeros'!A7) | B10: =IF(A10="","",SUMIF('Gastos'!$E$4:$E$153,A10,'Gastos'!$D$4:$D$153)) | C10: =IF(A10="","",SUMPRODUCT('Gastos'!$D$4:$D$153,(('Gastos'!$O$4:$O$153=0)+('Gastos'!$O$4:$O$153>0)*'Gastos'!$K$4:$K$153)/'Gastos'!$N$4:$N$153)) | D10: =IF(A10="","",ROUND(B10-C10,2)) | E10: =IF(A10="",0,MAX(0,C10-B10)) | F10: =IF(A10="",0,MAX(0,B10-C10)) | G10: =SUM(E$4:E9) | H10: =G10+E10 | I10: =SUM(F$4:F9) | J10: =I10+F10
A11: =IF('Compañeros'!A8="","",'Compañeros'!A8) | B11: =IF(A11="","",SUMIF('Gastos'!$E$4:$E$153,A11,'Gastos'!$D$4:$D$153)) | C11: =IF(A11="","",SUMPRODUCT('Gastos'!$D$4:$D$153,(('Gastos'!$O$4:$O$153=0)+('Gastos'!$O$4:$O$153>0)*'Gastos'!$L$4:$L$153)/'Gastos'!$N$4:$N$153)) | D11: =IF(A11="","",ROUND(B11-C11,2)) | E11: =IF(A11="",0,MAX(0,C11-B11)) | F11: =IF(A11="",0,MAX(0,B11-C11)) | G11: =SUM(E$4:E10) | H11: =G11+E11 | I11: =SUM(F$4:F10) | J11: =I11+F11
A12: =IF('Compañeros'!A9="","",'Compañeros'!A9) | B12: =IF(A12="","",SUMIF('Gastos'!$E$4:$E$153,A12,'Gastos'!$D$4:$D$153)) | C12: =IF(A12="","",SUMPRODUCT('Gastos'!$D$4:$D$153,(('Gastos'!$O$4:$O$153=0)+('Gastos'!$O$4:$O$153>0)*'Gastos'!$M$4:$M$153)/'Gastos'!$N$4:$N$153)) | D12: =IF(A12="","",ROUND(B12-C12,2)) | E12: =IF(A12="",0,MAX(0,C12-B12)) | F12: =IF(A12="",0,MAX(0,B12-C12)) | G12: =SUM(E$4:E11) | H12: =G12+E12 | I12: =SUM(F$4:F11) | J12: =I12+F12
A15: Quién debe cuánto a quién
A16: =IF(OR($A$5="",LEN(J29)<4),"",$A$5&" debe "&LEFT(J29,LEN(J29)-3))
A17: =IF(OR($A$6="",LEN(J30)<4),"",$A$6&" debe "&LEFT(J30,LEN(J30)-3))
A18: =IF(OR($A$7="",LEN(J31)<4),"",$A$7&" debe "&LEFT(J31,LEN(J31)-3))
A19: =IF(OR($A$8="",LEN(J32)<4),"",$A$8&" debe "&LEFT(J32,LEN(J32)-3))
A20: =IF(OR($A$9="",LEN(J33)<4),"",$A$9&" debe "&LEFT(J33,LEN(J33)-3))
A21: =IF(OR($A$10="",LEN(J34)<4),"",$A$10&" debe "&LEFT(J34,LEN(J34)-3))
A22: =IF(OR($A$11="",LEN(J35)<4),"",$A$11&" debe "&LEFT(J35,LEN(J35)-3))
A23: =IF(OR($A$12="",LEN(J36)<4),"",$A$12&" debe "&LEFT(J36,LEN(J36)-3))
A27: Detalle de pagos (fila = quién paga, columna = quién recibe)
B28: =$A$5 | C28: =$A$6 | D28: =$A$7 | E28: =$A$8 | F28: =$A$9 | G28: =$A$10 | H28: =$A$11 | I28: =$A$12
A29: =$A$5 | B29: =ROUND(MAX(0,MIN($H$5,$J$5)-MAX($G$5,$I$5)),2) | C29: =ROUND(MAX(0,MIN($H$5,$J$6)-MAX($G$5,$I$6)),2) | D29: =ROUND(MAX(0,MIN($H$5,$J$7)-MAX($G$5,$I$7)),2) | E29: =ROUND(MAX(0,MIN($H$5,$J$8)-MAX($G$5,$I$8)),2) | F29: =ROUND(MAX(0,MIN($H$5,$J$9)-MAX($G$5,$I$9)),2) | G29: =ROUND(MAX(0,MIN($H$5,$J$10)-MAX($G$5,$I$10)),2) | H29: =ROUND(MAX(0,MIN($H$5,$J$11)-MAX($G$5,$I$11)),2) | I29: =ROUND(MAX(0,MIN($H$5,$J$12)-MAX($G$5,$I$12)),2) | J29: =IF(B29>=0.01,TEXT(B29,"0.00")&" "&'Compañeros'!$D$1&" a "&$A$5&" · ","")&IF(C29>=0.01,TEXT(C29,"0.00")&" "&'Compañeros'!$D$1&" a "&$A$6&" · ","")&IF(D29>=0.01,TEXT(D29,"0.00")&" "&'Compañeros'!$D$1&" a "&$A$7&" · ","")&IF(E29>=0.01,TEXT(E29,"0.00")&" "&'Compañeros'!$D$1&" a "&$A$8&" · ","")&IF(F29>=0.01,TEXT(F29,"0.00")&" "&'Compañeros'!$D$1&" a "&$A$9&" · ","")&IF(G29>=0.01,TEXT(G29,"0.00")&" "&'Compañeros'!$D$1&" a "&$A$10&" · ","")&IF(H29>=0.01,TEXT(H29,"0.00")&" "&'Compañeros'!$D$1&" a "&$A$11&" · ","")&IF(I29>=0.01,TEXT(I29,"0.00")&" "&'Compañeros'!$D$1&" a "&$A$12&" · ","")
A30: =$A$6 | B30: =ROUND(MAX(0,MIN($H$6,$J$5)-MAX($G$6,$I$5)),2) | C30: =ROUND(MAX(0,MIN($H$6,$J$6)-MAX($G$6,$I$6)),2) | D30: =ROUND(MAX(0,MIN($H$6,$J$7)-MAX($G$6,$I$7)),2) | E30: =ROUND(MAX(0,MIN($H$6,$J$8)-MAX($G$6,$I$8)),2) | F30: =ROUND(MAX(0,MIN($H$6,$J$9)-MAX($G$6,$I$9)),2) | G30: =ROUND(MAX(0,MIN($H$6,$J$10)-MAX($G$6,$I$10)),2) | H30: =ROUND(MAX(0,MIN($H$6,$J$11)-MAX($G$6,$I$11)),2) | I30: =ROUND(MAX(0,MIN($H$6,$J$12)-MAX($G$6,$I$12)),2) | J30: =IF(B30>=0.01,TEXT(B30,"0.00")&" "&'Compañeros'!$D$1&" a "&$A$5&" · ","")&IF(C30>=0.01,TEXT(C30,"0.00")&" "&'Compañeros'!$D$1&" a "&$A$6&" · ","")&IF(D30>=0.01,TEXT(D30,"0.00")&" "&'Compañeros'!$D$1&" a "&$A$7&" · ","")&IF(E30>=0.01,TEXT(E30,"0.00")&" "&'Compañeros'!$D$1&" a "&$A$8&" · ","")&IF(F30>=0.01,TEXT(F30,"0.00")&" "&'Compañeros'!$D$1&" a "&$A$9&" · ","")&IF(G30>=0.01,TEXT(G30,"0.00")&" "&'Compañeros'!$D$1&" a "&$A$10&" · ","")&IF(H30>=0.01,TEXT(H30,"0.00")&" "&'Compañeros'!$D$1&" a "&$A$11&" · ","")&IF(I30>=0.01,TEXT(I30,"0.00")&" "&'Compañeros'!$D$1&" a "&$A$12&" · ","")
A31: =$A$7 | B31: =ROUND(MAX(0,MIN($H$7,$J$5)-MAX($G$7,$I$5)),2) | C31: =ROUND(MAX(0,MIN($H$7,$J$6)-MAX($G$7,$I$6)),2) | D31: =ROUND(MAX(0,MIN($H$7,$J$7)-MAX($G$7,$I$7)),2) | E31: =ROUND(MAX(0,MIN($H$7,$J$8)-MAX($G$7,$I$8)),2) | F31: =ROUND(MAX(0,MIN($H$7,$J$9)-MAX($G$7,$I$9)),2) | G31: =ROUND(MAX(0,MIN($H$7,$J$10)-MAX($G$7,$I$10)),2) | H31: =ROUND(MAX(0,MIN($H$7,$J$11)-MAX($G$7,$I$11)),2) | I31: =ROUND(MAX(0,MIN($H$7,$J$12)-MAX($G$7,$I$12)),2) | J31: =IF(B31>=0.01,TEXT(B31,"0.00")&" "&'Compañeros'!$D$1&" a "&$A$5&" · ","")&IF(C31>=0.01,TEXT(C31,"0.00")&" "&'Compañeros'!$D$1&" a "&$A$6&" · ","")&IF(D31>=0.01,TEXT(D31,"0.00")&" "&'Compañeros'!$D$1&" a "&$A$7&" · ","")&IF(E31>=0.01,TEXT(E31,"0.00")&" "&'Compañeros'!$D$1&" a "&$A$8&" · ","")&IF(F31>=0.01,TEXT(F31,"0.00")&" "&'Compañeros'!$D$1&" a "&$A$9&" · ","")&IF(G31>=0.01,TEXT(G31,"0.00")&" "&'Compañeros'!$D$1&" a "&$A$10&" · ","")&IF(H31>=0.01,TEXT(H31,"0.00")&" "&'Compañeros'!$D$1&" a "&$A$11&" · ","")&IF(I31>=0.01,TEXT(I31,"0.00")&" "&'Compañeros'!$D$1&" a "&$A$12&" · ","")
A32: =$A$8 | B32: =ROUND(MAX(0,MIN($H$8,$J$5)-MAX($G$8,$I$5)),2) | C32: =ROUND(MAX(0,MIN($H$8,$J$6)-MAX($G$8,$I$6)),2) | D32: =ROUND(MAX(0,MIN($H$8,$J$7)-MAX($G$8,$I$7)),2) | E32: =ROUND(MAX(0,MIN($H$8,$J$8)-MAX($G$8,$I$8)),2) | F32: =ROUND(MAX(0,MIN($H$8,$J$9)-MAX($G$8,$I$9)),2) | G32: =ROUND(MAX(0,MIN($H$8,$J$10)-MAX($G$8,$I$10)),2) | H32: =ROUND(MAX(0,MIN($H$8,$J$11)-MAX($G$8,$I$11)),2) | I32: =ROUND(MAX(0,MIN($H$8,$J$12)-MAX($G$8,$I$12)),2) | J32: =IF(B32>=0.01,TEXT(B32,"0.00")&" "&'Compañeros'!$D$1&" a "&$A$5&" · ","")&IF(C32>=0.01,TEXT(C32,"0.00")&" "&'Compañeros'!$D$1&" a "&$A$6&" · ","")&IF(D32>=0.01,TEXT(D32,"0.00")&" "&'Compañeros'!$D$1&" a "&$A$7&" · ","")&IF(E32>=0.01,TEXT(E32,"0.00")&" "&'Compañeros'!$D$1&" a "&$A$8&" · ","")&IF(F32>=0.01,TEXT(F32,"0.00")&" "&'Compañeros'!$D$1&" a "&$A$9&" · ","")&IF(G32>=0.01,TEXT(G32,"0.00")&" "&'Compañeros'!$D$1&" a "&$A$10&" · ","")&IF(H32>=0.01,TEXT(H32,"0.00")&" "&'Compañeros'!$D$1&" a "&$A$11&" · ","")&IF(I32>=0.01,TEXT(I32,"0.00")&" "&'Compañeros'!$D$1&" a "&$A$12&" · ","")
A33: =$A$9 | B33: =ROUND(MAX(0,MIN($H$9,$J$5)-MAX($G$9,$I$5)),2) | C33: =ROUND(MAX(0,MIN($H$9,$J$6)-MAX($G$9,$I$6)),2) | D33: =ROUND(MAX(0,MIN($H$9,$J$7)-MAX($G$9,$I$7)),2) | E33: =ROUND(MAX(0,MIN($H$9,$J$8)-MAX($G$9,$I$8)),2) | F33: =ROUND(MAX(0,MIN($H$9,$J$9)-MAX($G$9,$I$9)),2) | G33: =ROUND(MAX(0,MIN($H$9,$J$10)-MAX($G$9,$I$10)),2) | H33: =ROUND(MAX(0,MIN($H$9,$J$11)-MAX($G$9,$I$11)),2) | I33: =ROUND(MAX(0,MIN($H$9,$J$12)-MAX($G$9,$I$12)),2) | J33: =IF(B33>=0.01,TEXT(B33,"0.00")&" "&'Compañeros'!$D$1&" a "&$A$5&" · ","")&IF(C33>=0.01,TEXT(C33,"0.00")&" "&'Compañeros'!$D$1&" a "&$A$6&" · ","")&IF(D33>=0.01,TEXT(D33,"0.00")&" "&'Compañeros'!$D$1&" a "&$A$7&" · ","")&IF(E33>=0.01,TEXT(E33,"0.00")&" "&'Compañeros'!$D$1&" a "&$A$8&" · ","")&IF(F33>=0.01,TEXT(F33,"0.00")&" "&'Compañeros'!$D$1&" a "&$A$9&" · ","")&IF(G33>=0.01,TEXT(G33,"0.00")&" "&'Compañeros'!$D$1&" a "&$A$10&" · ","")&IF(H33>=0.01,TEXT(H33,"0.00")&" "&'Compañeros'!$D$1&" a "&$A$11&" · ","")&IF(I33>=0.01,TEXT(I33,"0.00")&" "&'Compañeros'!$D$1&" a "&$A$12&" · ","")
A34: =$A$10 | B34: =ROUND(MAX(0,MIN($H$10,$J$5)-MAX($G$10,$I$5)),2) | C34: =ROUND(MAX(0,MIN($H$10,$J$6)-MAX($G$10,$I$6)),2) | D34: =ROUND(MAX(0,MIN($H$10,$J$7)-MAX($G$10,$I$7)),2) | E34: =ROUND(MAX(0,MIN($H$10,$J$8)-MAX($G$10,$I$8)),2) | F34: =ROUND(MAX(0,MIN($H$10,$J$9)-MAX($G$10,$I$9)),2) | G34: =ROUND(MAX(0,MIN($H$10,$J$10)-MAX($G$10,$I$10)),2) | H34: =ROUND(MAX(0,MIN($H$10,$J$11)-MAX($G$10,$I$11)),2) | I34: =ROUND(MAX(0,MIN($H$10,$J$12)-MAX($G$10,$I$12)),2) | J34: =IF(B34>=0.01,TEXT(B34,"0.00")&" "&'Compañeros'!$D$1&" a "&$A$5&" · ","")&IF(C34>=0.01,TEXT(C34,"0.00")&" "&'Compañeros'!$D$1&" a "&$A$6&" · ","")&IF(D34>=0.01,TEXT(D34,"0.00")&" "&'Compañeros'!$D$1&" a "&$A$7&" · ","")&IF(E34>=0.01,TEXT(E34,"0.00")&" "&'Compañeros'!$D$1&" a "&$A$8&" · ","")&IF(F34>=0.01,TEXT(F34,"0.00")&" "&'Compañeros'!$D$1&" a "&$A$9&" · ","")&IF(G34>=0.01,TEXT(G34,"0.00")&" "&'Compañeros'!$D$1&" a "&$A$10&" · ","")&IF(H34>=0.01,TEXT(H34,"0.00")&" "&'Compañeros'!$D$1&" a "&$A$11&" · ","")&IF(I34>=0.01,TEXT(I34,"0.00")&" "&'Compañeros'!$D$1&" a "&$A$12&" · ","")
A35: =$A$11 | B35: =ROUND(MAX(0,MIN($H$11,$J$5)-MAX($G$11,$I$5)),2) | C35: =ROUND(MAX(0,MIN($H$11,$J$6)-MAX($G$11,$I$6)),2) | D35: =ROUND(MAX(0,MIN($H$11,$J$7)-MAX($G$11,$I$7)),2) | E35: =ROUND(MAX(0,MIN($H$11,$J$8)-MAX($G$11,$I$8)),2) | F35: =ROUND(MAX(0,MIN($H$11,$J$9)-MAX($G$11,$I$9)),2) | G35: =ROUND(MAX(0,MIN($H$11,$J$10)-MAX($G$11,$I$10)),2) | H35: =ROUND(MAX(0,MIN($H$11,$J$11)-MAX($G$11,$I$11)),2) | I35: =ROUND(MAX(0,MIN($H$11,$J$12)-MAX($G$11,$I$12)),2) | J35: =IF(B35>=0.01,TEXT(B35,"0.00")&" "&'Compañeros'!$D$1&" a "&$A$5&" · ","")&IF(C35>=0.01,TEXT(C35,"0.00")&" "&'Compañeros'!$D$1&" a "&$A$6&" · ","")&IF(D35>=0.01,TEXT(D35,"0.00")&" "&'Compañeros'!$D$1&" a "&$A$7&" · ","")&IF(E35>=0.01,TEXT(E35,"0.00")&" "&'Compañeros'!$D$1&" a "&$A$8&" · ","")&IF(F35>=0.01,TEXT(F35,"0.00")&" "&'Compañeros'!$D$1&" a "&$A$9&" · ","")&IF(G35>=0.01,TEXT(G35,"0.00")&" "&'Compañeros'!$D$1&" a "&$A$10&" · ","")&IF(H35>=0.01,TEXT(H35,"0.00")&" "&'Compañeros'!$D$1&" a "&$A$11&" · ","")&IF(I35>=0.01,TEXT(I35,"0.00")&" "&'Compañeros'!$D$1&" a "&$A$12&" · ","")
A36: =$A$12 | B36: =ROUND(MAX(0,MIN($H$12,$J$5)-MAX($G$12,$I$5)),2) | C36: =ROUND(MAX(0,MIN($H$12,$J$6)-MAX($G$12,$I$6)),2) | D36: =ROUND(MAX(0,MIN($H$12,$J$7)-MAX($G$12,$I$7)),2) | E36: =ROUND(MAX(0,MIN($H$12,$J$8)-MAX($G$12,$I$8)),2) | F36: =ROUND(MAX(0,MIN($H$12,$J$9)-MAX($G$12,$I$9)),2) | G36: =ROUND(MAX(0,MIN($H$12,$J$10)-MAX($G$12,$I$10)),2) | H36: =ROUND(MAX(0,MIN($H$12,$J$11)-MAX($G$12,$I$11)),2) | I36: =ROUND(MAX(0,MIN($H$12,$J$12)-MAX($G$12,$I$12)),2) | J36: =IF(B36>=0.01,TEXT(B36,"0.00")&" "&'Compañeros'!$D$1&" a "&$A$5&" · ","")&IF(C36>=0.01,TEXT(C36,"0.00")&" "&'Compañeros'!$D$1&" a "&$A$6&" · ","")&IF(D36>=0.01,TEXT(D36,"0.00")&" "&'Compañeros'!$D$1&" a "&$A$7&" · ","")&IF(E36>=0.01,TEXT(E36,"0.00")&" "&'Compañeros'!$D$1&" a "&$A$8&" · ","")&IF(F36>=0.01,TEXT(F36,"0.00")&" "&'Compañeros'!$D$1&" a "&$A$9&" · ","")&IF(G36>=0.01,TEXT(G36,"0.00")&" "&'Compañeros'!$D$1&" a "&$A$10&" · ","")&IF(H36>=0.01,TEXT(H36,"0.00")&" "&'Compañeros'!$D$1&" a "&$A$11&" · ","")&IF(I36>=0.01,TEXT(I36,"0.00")&" "&'Compañeros'!$D$1&" a "&$A$12&" · ","")
